 Dungeon Crawl Stone Soup version 0.31-a0-774-g0d66cbabe8 (webtiles) character file.

Game seed: 12751016294590061439

3750 Isana the Cruncher (level 10, -30/77 HPs)
             Began as a Human Berserker on Sept 17, 2023.
             Was a Priest of Trog.
             Annihilated by a cyclops (34 damage)
             ... on level 11 of the Dungeon.
             The game lasted 00:41:49 (6697 turns).

Isana the Cruncher (Human Berserker)                Turns: 6697, Time: 00:41:50

Health: -30/77     AC: 18    Str: 22    XL:     10   Next: 37%
Magic:  10/10      EV:  8    Int:  7    God:    Trog [***...]
Gold:   386        SH:  0    Dex: 13    Spells: 9/9 levels left

rFire   . . .        h - +4 quarterstaff (chaos)
rCold   + . .        (shield currently unavailable)
rNeg    + . .        t - +1 plate armour {rC+}
rPois   .            y - +2 helmet
rElec   .            g - +0 cloak
rCorr   .            (no gloves)
SInv    .            (no boots)
Will    ++...        (no amulet) Stlth
                     c - ring of positive energy
HPRegen 1.32/turn    (no ring)
MPRegen 0.12/turn

%: no passive effects
@: strong-willed, regenerating
A: no striking features
a: Renounce Religion, Berserk, Trog's Hand


You were on level 11 of the Dungeon.
You worshipped Trog.
Trog was most pleased with you.
You visited 1 branch of the dungeon, and saw 9 of its levels.
You also visited: Sewer.

You collected 386 gold pieces.

Inventory:

Hand Weapons
 h - a +4 quarterstaff of chaos (weapon)
 o - a +2 dagger of chaos
 q - a +0 giant club
 s - a +0 orcbow of flaming
 v - a +4 dire flail
 A - a +0 arbalest
 B - a +0 glaive
Armour
 g - a +0 cloak (worn)
 t - a +1 plate armour of cold resistance (worn)
 w - a +2 buckler
 y - a +2 helmet (worn)
 C - a +2 chain mail of poison resistance
Jewellery
 c - a ring of positive energy (left hand)
 G - a ring of fire
Talismans
 F - a dragon-blood talisman
Wands
 f - a wand of flame (24)
 u - a wand of charming (3)
Scrolls
 a - 2 scrolls of amnesia {unknown}
 b - 5 scrolls of identify {unknown}
 i - 2 scrolls of blinking {unknown}
 j - 2 scrolls of teleportation {unknown}
 n - a scroll of fog {unknown}
 r - a scroll of noise {unknown}
 x - a scroll of brand weapon {unknown}
 E - a scroll of fear {unknown}
Potions
 d - a potion of mutation {unknown}
 e - 2 potions of cancellation {unknown}
 k - 2 potions of heal wounds {unknown}
 l - a potion of berserk rage {unknown}
 m - 2 potions of might {unknown}
 p - 4 potions of invisibility {unknown}
 z - a potion of curing {unknown}
 D - a potion of attraction {unknown}


   Skills:
 + Level 6.8 Fighting
 + Level 4.1(7.7) Polearms
 + Level 10.2(10.5) Staves
 + Level 6.0 Armour
 + Level 3.9 Dodging
 + Level 3.0 Stealth
 + Level 0.3 Shields


You had 9 spell levels left.
You didn't know any spells.
Your spell library contained the following spells:

 Spells                   Type           Power      Damage    Failure   Level
 Dazzling Flash           Conj/Hex       0%         N/A       100%        3
 Volatile Blastmotes      Fire/Tloc      0%         2d10      100%        3
 Animate Armour           Summ/Erth      0%         N/A       100%        4
 Summon Lightning Spire   Summ/Air       0%         N/A       100%        4
 Lee's Rapid Deconstruct  Erth           0%         3d4*      100%        5
 Starburst                Conj/Fire      0%         6d3       100%        6
 Maxwell's Capacitive Co  Air            0%         ∞         100%        8


Dungeon Overview and Level Annotations

Branches:
Dungeon (11/15)            Temple (0/1) D:6           Sewer (visited)
   Lair: D:8-11         Orc: D:9-12

Altars:
Vehumet
Zin

Shops:
D:2 (   D:10 :

Annotations:
D:10 Maurice


Message History

The orc shouts!
You closely miss the orc. The orc hits you but does no damage.
You hit the orc.
The orc suddenly seems more agile.
The orc is heavily wounded.
You bludgeon the orc!! You burn the orc.
You kill the orc!
Trog accepts your kill.
You open the door.
There is an open door here.
There is an open door here.
You see here a +0 club.
A cyclops comes into view.
The cyclops shouts!
The cyclops throws a large rock.
The large rock hits you!!!
You see here a +0 club.
There is an open door here.
The cyclops throws a large rock.
The large rock hits you!!
* * * LOW HITPOINT WARNING * * *
There is an open door, spattered with blood here.
A cyclops is nearby!
Your skin crawls.
You feel strong-willed.
Okay, then.
The cyclops throws a large rock.
The large rock hits you!
* * * LOW HITPOINT WARNING * * *
The cyclops throws a large rock.
The large rock hits you!
* * * LOW HITPOINT WARNING * * *
You hit the cyclops. You burn the cyclops.
The cyclops is lightly wounded.
You hit the cyclops.
The cyclops goes berserk!
The cyclops is lightly wounded.
The cyclops hits you!
* * * LOW HITPOINT WARNING * * *
You bludgeon the cyclops!! You freeze the cyclops.
The cyclops is heavily wounded.
The cyclops barely misses you.
You hit the cyclops. You freeze the cyclops.
The cyclops is heavily wounded.
The cyclops hits you!!
You die...

#.........#...##C...##
#.........#...##....##
#...##...##...##.....#
#...############.....#
#........#.....'.....##
#........'....##......#
###.##.####...##'######
###'##.####...##C...#
.......#.......#@...#
.[.....#.......#...##
.......'.......#...##
.......#.......#....#
.......#.......#....#
#####################


You could see a cyclops (berserk).

Vanquished Creatures
  A manticore (D:11)
  Psyche (D:11)
  A hornet (D:10)
  A water moccasin (D:6)
  An ice beast (D:5)
  2 orc warriors
  2 ogres
  2 phantoms (D:5)
  4 kobold brigands
  3 scorpions
  3 wights (D:6)
  3 howler monkeys (D:11)
  4 orc priests
  4 hounds
  A jelly (D:6)
  Crazy Yiuf (D:2)
  5 iguanas
  A sleepcap (D:5)
  3 orc wizards
  3 gnolls (D:5)
  11 adders
  2 river rats (Sewer)
  A shadow imp (D:6)
  A white imp (D:7)
  2 ufetubi (D:5)
  3 worms (D:3)
  2 dart slugs (D:2)
  22 orcs
  A bat (D:1)
  8 endoplasms
  5 giant cockroaches
  5 goblins
  7 hobgoblins
  10 jackals
  15 kobolds
  3 quokkas
  8 ball pythons
  6 frilled lizards
  A kobold zombie (D:6)
  14 rats
173 creatures vanquished.

Vanquished Creatures (collateral kills)
  A troll (D:11)
  A shadow (D:11)
  An orc warrior (D:6)
  A centaur (D:6)
  A wight (D:6)
  2 orc priests
  2 orc wizards
  A ball python (Sewer)
10 creatures vanquished.

Grand Total: 183 creatures vanquished

Notes
Turn   | Place    | Note
-------+----------+-------------------------------------------
     0 | D:1      | Isana the Human Berserker began the quest for the Orb.
     0 | D:1      | Reached XP level 1. HP: 18/18 MP: 1/1
    61 | D:1      | Reached XP level 2. HP: 5/24 MP: 2/2
   557 | D:2      | Found Ylantioz's Antique Weapon Boutique.
   586 | D:2      | Reached XP level 3. HP: 29/29 MP: 3/3
   624 | D:2      | Reached ** piety under Trog
   626 | D:2      | Found a faded altar of an unknown god.
   691 | D:2      | Found a runed translucent door.
   692 | D:2      | Noticed Crazy Yiuf
   744 | D:2      | Killed Crazy Yiuf
   745 | D:2      | Reached XP level 4. HP: 35/35 MP: 4/4
  1049 | D:2      | Identified the +0 robe of Hairiness {rN+ Int+3 Stlth+}
  1612 | D:3      | Found a glowing silver altar of Zin.
  1644 | D:3      | Found a glowing drain.
  1670 | Sewer    | Entered a sewer
  1679 | Sewer    | Reached skill level 1 in Staves
  1679 | Sewer    | Reached XP level 5. HP: 41/41 MP: 5/5
  1839 | Sewer    | Noticed a kobold brigand
  1862 | Sewer    | Killed a kobold brigand
  1863 | Sewer    | Reached skill level 2 in Staves
  1863 | Sewer    | Reached XP level 6. HP: 14/48 MP: 6/6
  2008 | Sewer    | Reached skill level 3 in Staves
  2607 | D:3      | Reached XP level 7. HP: 54/54 MP: 7/7
  2737 | D:3      | Reached *** piety under Trog
  2981 | D:4      | Reached skill level 4 in Staves
  3051 | D:4      | Found a radiant altar of Vehumet.
  3823 | D:5      | Entered Level 5 of the Dungeon
  3876 | D:5      | Reached skill level 5 in Staves
  3878 | D:5      | Reached XP level 8. HP: 39/61 MP: 8/8
  3954 | D:5      | Reached skill level 1 in Stealth
  4125 | D:5      | Reached skill level 6 in Staves
  4141 | D:5      | Reached skill level 5 in Fighting
  4473 | D:5      | Reached **** piety under Trog
  4832 | D:5      | Reached skill level 7 in Staves
  4832 | D:5      | Reached XP level 9. HP: 68/68 MP: 9/9
  5732 | D:6      | Found a staircase to the Ecumenical Temple.
  5766 | D:6      | Reached skill level 8 in Staves
  5766 | D:6      | Reached skill level 5 in Armour
  5984 | D:7      | You fall into a shaft and drop 3 floors!
  5984 | D:10     | Entered Level 10 of the Dungeon
  5984 | D:10     | Found Piwoidyisk's Book Shop.
  5985 | D:10     | Noticed a hornet
  5990 | D:10     | Paralysed by a hornet for 3 turns
  5994 | D:10     | Killed a hornet
  6022 | D:10     | Noticed Maurice
  6023 | D:10     | Noticed a komodo dragon
  6060 | D:11     | Noticed a troll
  6069 | D:11     | Killed a troll
  6070 | D:11     | Reached skill level 9 in Staves
  6070 | D:11     | Reached XP level 10. HP: 69/77 MP: 10/10
  6123 | D:11     | Noticed Psyche
  6130 | D:11     | Killed Psyche
  6170 | D:11     | Noticed a manticore
  6183 | D:11     | Killed a manticore
  6184 | D:11     | Reached skill level 10 in Staves
  6665 | D:11     | Noticed a cyclops
  6695 | D:11     | HP: 2/77 [cyclops (14)]
  6697 | D:11     | Annihilated by a cyclops

Illustrated notes

Levels and vault maps discovered:
D:1:      dpeg_arrival_solitude, layout_rooms, chequers_arboretum
D:2:      layout_loops_ring, ebering_ecumenical_altar_hall, serial_shops,
          nicolae_shop_crystal, minmay_misc_feat_x, uniq_crazy_yiuf_cottage
D:3:      layout_basic, mainiacjoe_overflow_boulevard,
          cheibrodos_sewer_entry_drain
D:4:      layout_loops_ring, mainiacjoe_overflow_paths, nicolae_eternal_life
D:5:      layout_layer_cave, st_stairs_3
D:6:      cheibrodos_thug_alley, layout_cave_pools,
          minmay_temple_entry_mini_moons
D:7:      layout_basic, mainiacjoe_overflow_six_doors_small,
          mainiacjoe_overflow_catwalk_spiral, mainiacjoe_overflow_24_doors
D:10:     layout_cave_pools, elyvilon_altar_4,
          gammafunk_temple_overflow_elements, due_lair_maze_entry_diamond,
          serial_shops, nicolae_book_shop_shelving, uniq_maurice
D:11:     layout_gridville, david_orc_1_choice, uniq_nergalle, uniq_psyche

Skill      XL: |  1  2  3  4  5  6  7  8  9 10 |
---------------+-------------------------------+-----
Polearms       | 4 |  4.1
Staves         | 1 2 3 5 7 9 10 | 10.2
Fighting       | 4 5 6 |  6.8
Armour         | 3 4 5 6 |  6.0
Dodging        | 3 |  3.9
Stealth        | 1 2 3 |  3.0
Shields        | |  0.3

Action                     |  1- 3 |  4- 6 |  7- 9 | 10-12 || total
---------------------------+-------+-------+-------+-------++-------
  Melee: Spear             |    75 |       |       |       ||    75
         Quarterstaff      |       |   358 |   238 |    32 ||   628
 Invoke: Berserk           |     2 |     2 |    12 |     2 ||    18
         Trog's Hand       |       |     1 |     1 |     1 ||     3
         Brothers in Arms  |       |       |     3 |       ||     3
    Use: Potion            |       |       |     2 |       ||     2
   Stab: Distracted        |       |       |     1 |       ||     1
 Armour: Animal skin       |    19 |       |       |       ||    19
         Ring mail         |    12 |   110 |    69 |       ||   191
         Plate armour      |       |       |   159 |    24 ||   183
  Dodge: Dodged            |    40 |    90 |   129 |     8 ||   267
  Block: Buckler           |     4 |       |       |       ||     4

Table legend: (Time is in decaauts)
 A = Elapsed time spent in this place.
 B = Non-inter-level travel time spent in this place.
 C = Inter-level travel time spent in this place.
 D = Time resting spent in this place.
 E = Time spent auto-exploring this place.
 F = Levels seen in this place.
 G = Mean time per level.
                   A        B        C        D        E       F      G
               +--------+--------+--------+--------+--------+-----+--------+
         Total |   7093 |   2652 |   4441 |      0 |     20 |  10 |  709.3 |
       Dungeon |   5917 |   1476 |   4441 |      0 |     20 |   9 |  657.4 |
         Sewer |   1176 |   1176 |      0 |      0 |      0 |   1 | 1176.0 |
               +--------+--------+--------+--------+--------+-----+--------+

Top non-repeatable levels by time:
     D:5: 1513 daAuts
   Sewer: 1176 daAuts
     D:2: 907 daAuts
     D:4: 888 daAuts
     D:6: 666 daAuts
    D:11: 660 daAuts
     D:3: 639 daAuts
     D:1: 559 daAuts
    D:10: 63 daAuts
     D:7: 16 daAuts
